 Dungeon Crawl Stone Soup version 0.27-a0-1590-g15f69828bf (webtiles) character file.

Game seed: 17592066899186586785

5139 duskshroud the Cleaver (level 10, -1/81 HPs)
             Began as a Minotaur Berserker on July 19, 2021.
             Was an Elder of Trog.
             Killed from afar by Erica (26 damage)
             ... with a lance of force
             ... on level 8 of the Dungeon.
             The game lasted 00:26:25 (6562 turns).

duskshroud the Cleaver (Minotaur Berserker)         Turns: 6562, Time: 00:26:26

Health: -1/81      AC: 13    Str: 22    XL:     10   Next: 33%
Magic:  9/9        EV: 11    Int:  4    God:    Trog [****..]
Gold:   306        SH:  0    Dex: 13    Spells: 9/9 levels left

rFire    . . .     SeeInvis .   a - +5 battleaxe
rCold    . . .     Faith    .   (shield currently unavailable)
rNeg     . . .     Spirit   .   e - +0 plate armour
rPois    .         Reflect  .   (helmet restricted)
rElec    .         Harm     .   (no cloak)
rCorr    .         Rampage  .   (no gloves)
Will     +....                  (no boots)
Stlth    ..........             (no amulet)
HPRegen  0.23/turn              s - +4 ring of evasion
MPRegen  0.11/turn              f - ring of willpower

@: lethally poisoned (-1 -> -8), on berserk cooldown, slowed, studying Polearms,
very slow
A: horns 2, retaliatory headbutt
a: Renounce Religion, Berserk, Trog's Hand, Brothers in Arms


You were on level 8 of the Dungeon.
You worshipped Trog.
Trog was greatly pleased with you.
You visited 1 branch of the dungeon, and saw 7 of its levels.
You also visited: Sewer and Bailey.

You collected 306 gold pieces.

Inventory:

Hand Weapons
 a - a +5 battleaxe (weapon)
 b - a +2 morningstar
 c - a +0 broad axe
Missiles
 d - 41 poisoned darts (quivered)
 t - a curare-tipped dart
Armour
 e - a +0 plate armour (worn)
 B - +0 acid dragon scales
Jewellery
 f - a ring of willpower (right hand)
 r - a ring of willpower
 s - a +4 ring of evasion (left hand)
Scrolls
 g - 3 scrolls of enchant armour {unknown}
 h - 3 scrolls of teleportation
 i - 2 scrolls of identify {unknown}
 m - 2 scrolls of summoning
 n - a scroll of magic mapping {unknown}
 o - 2 scrolls of fog {unknown}
 p - 3 scrolls of enchant weapon {unknown}
 q - a scroll of amnesia {unknown}
 u - a scroll of blinking {unknown}
 w - 2 scrolls of fear {unknown}
 x - a scroll of brand weapon {unknown}
 y - a scroll of vulnerability {unknown}
 A - 2 scrolls of acquirement
Potions
 j - 2 potions of lignification {unknown}
 k - a potion of attraction {unknown}
 l - 4 potions of flight
 v - a potion of curing {unknown}
 z - 2 potions of haste {unknown}


   Skills:
 - Level 5.0 Fighting
 * Level 14.5 Axes
 + Level 4.9 Throwing
 + Level 7.9 Armour
 - Level 2.8 Dodging
 - Level 1.7 Shields


You had 9 spell levels left.
You didn't know any spells.
Your spell library was empty.

Dungeon Overview and Level Annotations

Branches:
Dungeon (8/15)             Temple (0/1) D:7            Lair (0/6) D:8
  Sewer (visited)          Bailey (visited)

Altars:
Wu Jian

Annotations:
D:8 Erica


Innate Abilities, Weirdness & Mutations

You have a pair of horns on your head.
You reflexively headbutt those who attack you in melee.


Message History

Things that are here:
+0 acid dragon scales; an acid dragon corpse B - +0 acid dragon scales You start resting.
You feel yourself speed up.
You start resting.
You recover from your berserk rage.
Things that are here:
a +0 club; a kobold corpse
Things that are here:
a +0 falchion; an orc corpse HP restored.
You open the door.
There is an open door here.
Erica the Fiery-Tempered comes into view.
She is wielding a +2 scimitar of flaming.
Erica shouts!
Erica casts a spell at you. The bolt of poison hits you!!
You are poisoned.
A red film seems to cover your vision as you go berserk!
You feel yourself moving faster!
You feel mighty!
You feel very sick.
Erica gestures wildly while chanting.
Erica flickers and vanishes!
Deactivating autopickup; reactivate with Ctrl-A.
You feel a strong urge to attack something.
You feel sick.
You feel sick.
You hear some strange, mumbled words.
A lance of force appears from out of thin air!
The lance of force hits you!!
You are knocked back by the lance of force.
You slam into the rock wall!
You feel your anger nearly subside.
You are no longer berserk.
You are exhausted.
You feel yourself slow down.
You feel sick.
You hear some strange, mumbled words.
A lance of force appears from out of thin air!
The lance of force hits you!!
You die...

#.#.##.#.##..##
#.#.##.#.##..##
###.#######.#.##.#.##...#
#.............##.#..#...#
#.#.#.#.###.####.#..#....
# #.#.# #.####.##.#..#.
.#.#.#.###...........##.
.....<................##.
#.###...@##......##...###
+....##.##### #...# #
#....+..# ..... # #.=.{#
#.....# #####. #.....# ..
......## ... ..... ....
##### ##### #.


There were no monsters in sight!

Vanquished Creatures
  An orc warlord (Bailey)
  The ghost of jimbutter the Cleaver, a novice MiBe of Trog (D:7)
  2 cyclopes (D:6)
  A wraith (D:8)
  A wyvern (D:7)
  A water moccasin (D:6)
  An acid dragon (D:8)
  3 orc warriors
  An ice beast (D:6)
  2 ogres (D:6)
  3 centaurs
  3 kobold brigands
  A bullfrog (D:7)
  2 scorpions (D:6)
  4 killer bees (D:7)
  9 wights (D:7)
  A hound (D:6)
  2 jellies
  A gnoll shaman (D:6)
  2 bullfrog skeletons
  3 iguanas
  A howler monkey zombie (D:6)
  Robin (D:2)
  6 adders
  5 gnolls
  2 river rats (D:3)
  An ufetubus (D:6)
  An adder skeleton (D:4)
  5 worms
  2 dart slugs (D:1)
  14 orcs
  11 bats
  12 endoplasms
  7 giant cockroaches
  20 goblins
  13 hobgoblins
  6 jackals
  6 quokkas
  7 ball pythons
  5 frilled lizards
  16 kobolds
  13 rats
199 creatures vanquished.

Notes
Turn   | Place    | Note
-------+----------+-------------------------------------------
     0 | D:1      | duskshroud the Minotaur Berserker began the quest for the
                  | Orb.
     0 | D:1      | Reached XP level 1. HP: 19/19 MP: 0/0
   191 | D:1      | Reached skill level 4 in Axes
   275 | D:1      | Reached XP level 2. HP: 27/27 MP: 1/1
   857 | D:1      | Reached XP level 3. HP: 30/33 MP: 2/2
  1179 | D:2      | Reached ** piety under Trog
  1234 | D:2      | Noticed Robin
  1258 | D:2      | Reached skill level 5 in Axes
  1262 | D:2      | Killed Robin
  1272 | D:2      | Reached XP level 4. HP: 32/41 MP: 3/3
  1603 | D:2      | Found a faded altar of an unknown god.
  1904 | D:3      | Reached XP level 5. HP: 45/47 MP: 4/4
  1919 | D:3      | Reached *** piety under Trog
  1975 | D:3      | Reached skill level 6 in Axes
  1975 | D:3      | Found a glowing drain.
  1988 | Sewer    | Entered a sewer
  2459 | Sewer    | Reached skill level 5 in Fighting
  2735 | D:3      | Reached **** piety under Trog
  3022 | D:3      | You fall into a shaft and drop 1 floor!
  3256 | D:4      | You fall into a shaft and drop 2 floors!
  3257 | D:6      | Noticed an ogre
  3264 | D:6      | Killed an ogre
  3265 | D:6      | Reached XP level 6. HP: 56/56 MP: 5/5
  3293 | D:6      | Reached skill level 7 in Axes
  3495 | D:6      | Noticed a cyclops
  3522 | D:6      | Killed a cyclops
  3523 | D:6      | Reached skill level 9 in Axes
  3523 | D:6      | Reached skill level 5 in Armour
  3523 | D:6      | Reached XP level 7. HP: 61/61 MP: 6/6
  3629 | D:6      | Noticed a cyclops
  3644 | D:6      | Killed a cyclops
  3645 | D:6      | Reached skill level 10 in Axes
  3645 | D:6      | Reached XP level 8. HP: 61/68 MP: 7/7
  3646 | D:6      | Reached skill level 11 in Axes
  3929 | D:6      | Reached skill level 12 in Axes
  4047 | D:6      | Found an ornate altar of the Wu Jian Council.
  4077 | D:6      | Reached skill level 1 in Shields
  4354 | D:7      | Reached XP level 9. HP: 40/74 MP: 8/8
  4370 | D:7      | Reached skill level 1 in Throwing
  4642 | D:7      | Noticed jimbutter's ghost (novice MiBe)
  4646 | D:7      | Found a runed translucent gate.
  4646 | D:7      | Found a runed translucent gate.
  4646 | D:7      | Found a runed translucent gate.
  4741 | D:7      | Found a flagged portal.
  4747 | D:7      | Reached skill level 13 in Axes
  4756 | Bailey   | Entered a bailey
  4802 | Bailey   | Noticed an orc warlord
  4939 | Bailey   | Noticed an orc knight
  5145 | Bailey   | Found a runed translucent gate.
  5149 | Bailey   | Found a runed translucent gate.
  5150 | Bailey   | Found a runed translucent gate.
  5204 | Bailey   | Killed an orc warlord
  5207 | Bailey   | Reached skill level 14 in Axes
  5414 | Bailey   | Identified the +6 hunting sling of the Fulmar {speed,
                  | Will+}
  5442 | D:7      | Reached XP level 10. HP: 61/79 MP: 9/9
  5664 | D:7      | Found a staircase to the Ecumenical Temple.
  5838 | D:7      | Killed jimbutter's ghost
  6002 | D:8      | Found a staircase to the Lair.
  6069 | D:8      | HP: 6/121 [poisoned by a kobold brigand (curare-tipped
                  | dart)]
  6074 | D:8      | HP: 5/121 [poisoned by a kobold brigand (curare-tipped
                  | dart)]
  6556 | D:8      | Noticed Erica
  6562 | D:8      | Killed from afar by Erica

Illustrated notes

Levels and vault maps discovered:
D:1:      evilmike_arrival_crescent, layout_rooms, st_stairs_2
D:2:      layout_loops_cross, basic_ecumenical_altar, uniq_robin
D:3:      layout_basic, lightli_sewer_entry_pipes, corner_web_ring
D:4:      layout_loops_ring, kennysheep_vampire_church, serial_shops,
          nicolae_shop_statue_plus
D:6:      layout_basic, marbit_many_paths, minmay_manual_moon
D:7:      layout_loops_ring, minmay_temple_entry_enclosed_plants,
          gammafunk_ghost_split, enter_bailey_6
D:8:      layout_basic, lair_entry_dummy, uniq_erica

Skill      XL: |  1  2  3  4  5  6  7  8  9 |
---------------+----------------------------+-----
Axes           | 4 5 6 9 10 12 14 | 14.5
Fighting       | 4 5 |  5.0
Armour         | 3 4 5 7 |  7.9
Shields        | 1 |  1.7
Throwing       | 4 |  4.9
Dodging        | |  2.8

Action                   |  1- 3 |  4- 6 |  7- 9 | 10-12 || total
-------------------------+-------+-------+-------+-------++-------
Melee: Hand axe          |   106 |   191 |    89 |       ||   386
       Headbutt          |    11 |    34 |    36 |     5 ||    86
       Battleaxe         |       |       |    77 |    46 ||   123
       Morningstar       |       |       |       |     5 ||     5
Invok: Berserk           |     1 |     3 |     5 |     4 ||    13
       Trog's Hand       |     1 |       |     4 |     1 ||     6
       Brothers in Arms  |       |       |     1 |       ||     1
  Use: Potion            |       |     2 |       |       ||     2
       Scroll            |       |     1 |       |       ||     1
Armor: Animal skin       |     8 |       |       |       ||     8
       Plate armour      |    28 |    77 |    58 |    22 ||   185
Dodge: Dodged            |    47 |    53 |   100 |    18 ||   218

Table legend: (Time is in decaauts)
 A = Elapsed time spent in this place.
 B = Non-inter-level travel time spent in this place.
 C = Inter-level travel time spent in this place.
 D = Time resting spent in this place.
 E = Time spent auto-exploring this place.
 F = Levels seen in this place.
 G = Mean time per level.
                   A        B        C        D        E       F      G
               +--------+--------+--------+--------+--------+-----+--------+
         Total |   6828 |   6687 |    141 |   1714 |   2492 |   9 |  758.7 |
       Dungeon |   5459 |   5318 |    141 |   1268 |   2492 |   7 |  779.9 |
         Sewer |    674 |    674 |      0 |    115 |      0 |   1 |  674.0 |
        Bailey |    695 |    695 |      0 |    330 |      0 |   1 |  695.0 |
               +--------+--------+--------+--------+--------+-----+--------+

Top non-repeatable levels by time:
     D:7: 1223 daAuts
     D:1: 1115 daAuts
     D:6: 1059 daAuts
     D:3: 832 daAuts
  Bailey: 695 daAuts
   Sewer: 674 daAuts
     D:2: 662 daAuts
     D:8: 430 daAuts
     D:4: 136 daAuts
